 Dungeon Crawl Stone Soup version 0.25-a0-265-g7af84ae0ac (webtiles) character file.

Game seed: 7071208267628995146, levelgen mode: deterministic

37 MisterFreud the Skirmisher (level 3, 0/32 HPs)
             Began as a Formicid Abyssal Knight on Dec 8, 2019.
             Was a Follower of Lugonu.
             Succumbed to an adder's poison
             ... on level 2 of the Dungeon.
             The game lasted 00:02:40 (1066 turns).

MisterFreud the Skirmisher (FoAK)                   Turns: 1066, Time: 00:02:41

Health: 0/32       AC:  3    Str: 17    XL:     3   Next: 60%
Magic:  4/4        EV: 11    Int: 11    God:    Lugonu [*.....]
Gold:   60         SH:  0    Dex: 10    Spells: 2/2 levels left

rFire    . . .     SeeInvis +   a - +1 falchion
rCold    . . .     Gourm    .   (no shield)
rNeg     . . .     Faith    .   b - +0 leather armour
rPois    .         Spirit   .   (helmet unavailable)
rElec    .         Reflect  .   (no cloak)
rCorr    .         Harm     .   (no gloves)
MR       .....                  (no boots)
Stlth    +.........             (no amulet)
HPRegen  0.10/turn              (no ring)
MPRegen  0.09/turn              (no ring)

@: lethally poisoned (0 -> -1)
A: permanent stasis, dig shafts and tunnels, four strong arms, antennae 3
a: Dig, Shaft Self, Depart the Abyss, Renounce Religion


You were on level 2 of the Dungeon.
You worshipped Lugonu.
Lugonu was aware of your devotion.
You were hungry.

You visited 1 branch of the dungeon, and saw 3 of its levels.
You visited the Abyss 1 time.

You collected 60 gold pieces.

Inventory:

Hand Weapons
 a - a +1 falchion (weapon)
Missiles
 d - 14 bolts
 g - 24 stones (quivered)
 i - 23 arrows
Armour
 b - a +0 leather armour (worn)
Scrolls
 e - a scroll of enchant armour {unknown}
Potions
 j - a potion of mutation
Comestibles
 c - 3 rations
 f - a chunk of flesh


   Skills:
 + Level 4.8 Fighting
 - Level 2.0 Long Blades
 - Level 2.1 Armour
 - Level 0.8 Dodging
 - Level 2.1 Invocations


You had 2 spell levels left.
You didn't know any spells.
Your spell library was empty.

Dungeon Overview and Level Annotations

Branches:
Dungeon (3/15)

Altars:


Innate Abilities, Weirdness & Mutations

You cannot be hasted, slowed, berserked, paralysed or teleported.
You can dig through walls and to a lower floor.
Your four strong arms can wield two-handed weapons with a shield.
You have a pair of large antennae on your head. (SInv)


Message History

* * * LOW HITPOINT WARNING * * *
You feel sick.
You climb downwards.
A leopard gecko and an adder come into view.
The leopard gecko hisses angrily.
Found a glowing leather armour.
There is a stone staircase leading up here.
* * * LOW HITPOINT WARNING * * *
You feel sick.
You climb upwards.
There is a stone staircase leading down here.
* * * LOW HITPOINT WARNING * * *
You feel sick.
There is a stone staircase leading up here.
* * * LOW HITPOINT WARNING * * *
You feel sick.
* * * LOW HITPOINT WARNING * * *
You feel sick.
Okay, then.
You die...

###############
##.........<...##
######...#.#######....
#....@.....# #>###
#.####...### #.# ##.##
#.# #.# #.# #.# #.#
#.# ..# #.# ### #.#
#.#


There were no monsters in sight!

Vanquished Creatures
  An adder (D:2)
  3 dart slugs (D:1)
  A leopard gecko (D:1)
  2 hobgoblins
  4 jackals (D:1)
  4 bats (D:1)
  2 goblins
  2 kobolds
  3 rats (D:1)
22 creatures vanquished.

Notes
Turn   | Place    | Note
-------+----------+-------------------------------------------
     0 | Abyss:1  | MisterFreud the Formicid Abyssal Knight began the quest for
                  | the Orb.
     0 | Abyss:1  | Reached XP level 1. HP: 18/18 MP: 2/2
    29 | Abyss:1  | Noticed a chaos spawn
    49 | D:1      | Escaped the Abyss
   207 | D:1      | Reached * piety under Lugonu
   210 | D:1      | Reached XP level 2. HP: 15/25 MP: 3/3
   213 | D:1      | Reached skill level 4 in Fighting
   673 | D:1      | Reached XP level 3. HP: 31/31 MP: 4/4
  1058 | D:2      | HP: 1/32 [poisoned by an adder]
  1066 | D:2      | Succumbed to an adder's poison

Levels and vault maps discovered:
D:1:      eino_arrival_water_star, layout_basic, minivault_5, st_stairs_1
D:2:      layout_loops_ring
D:3:      minmay_angry_zag, layout_loops_ring, trog_wizard

Skill      XL: |  1  2 |
---------------+-------+-----
Fighting       | 4 |  4.8
Long Blades    | |  2.0
Armour         | |  2.1
Dodging        | |  0.8
Invocations    | |  2.1

Action                   || total
-------------------------++-------
Melee: Falchion          ||    65
Invok: Depart the Abyss  ||     1
  Use: Scroll            ||     3
Armor: Leather armour    ||    20
Dodge: Dodged            ||    50
       Rpst.: Falchion   ||    16

Table legend:
 A = Non-vault XP
 B = Vault XP
 C = Vault XP percentage of total XP
 D = Non-vault monster count
 E = Vault monster count
 F = Vault count percentage of total count
                 A         B        C        D         E       F
            +---------+---------+-------+---------+---------+-------
      Total |      49 |       4 |   7.5 |      20 |       2 |   9.1
            +---------+---------+-------+---------+---------+-------
        D:1 |      31 |       4 |  11.4 |      16 |       2 |  11.1
        D:2 |      18 |       0 |   0.0 |       4 |       0 |   0.0
            +---------+---------+-------+---------+---------+-------
